 Dungeon Crawl Stone Soup version 0.23.2-33-g5129a83184 (webtiles) character file.

Game seed: 12190684866541149884

232 Derp the Ruffian (level 5, -2/53 HPs)
             Began as a Troll Berserker on July 11, 2019.
             Was a Priest of Trog.
             Slain by an orc priest
             ... wielding a +0 dagger
              (5 damage)
             ... on level 3 of the Dungeon.
             The game lasted 00:03:35 (1487 turns).

Derp the Ruffian (Troll Berserker)                  Turns: 1487, Time: 00:03:35

Health: -2/53      AC:  6    Str: 25    XL:     5   Next: 73%
Magic:  4/4        EV: 11    Int:  3    God:    Trog [***...]
Gold:   128        SH:  0    Dex: 10    Spells: 4/4 levels left

rFire    . . .     SeeInvis .     - Unarmed
rCold    . . .     Gourm    +   (no shield)
rNeg     . . .     Faith    .   a - +0 animal skin
rPois    .         Spirit   .   (helmet restricted)
rElec    .         Reflect  .   (no cloak)
rCorr    .         Harm     .   (gloves unavailable)
MR       .....                  (boots unavailable)
Stlth    +.........             (no amulet)
HPRegen  0.57/turn              (no ring)
MPRegen  0.09/turn              (no ring)

@: slowed, very slow
A: large, unfitting armour, claws 3, fast metabolism 3, gourmand, regeneration
1, shaggy fur 1, tough skin 3
a: Berserk, Trog's Hand, Renounce Religion


You were on level 3 of the Dungeon.
You worshipped Trog.
Trog was most pleased with you.
You were hungry.

You visited 1 branch of the dungeon, and saw 3 of its levels.

You collected 128 gold pieces.

Inventory:

Armour
 a - a +0 animal skin (worn)
Wands
 g - a wand of random effects (24)
Scrolls
 c - a scroll of fog {unknown}
 d - 2 scrolls of identify {unknown}
 e - a scroll of enchant weapon {unknown}
 j - a scroll of remove curse {unknown}
Potions
 f - 3 potions of berserk rage {unknown}
 h - a potion of curing {unknown}
 i - a potion of agility {unknown}
 k - a potion of degeneration {unknown}
Comestibles
 b - 4 rations


   Skills:
 + Level 3.1 Fighting
 + Level 3.8 Dodging
 + Level 0.1 Stealth
 + Level 4.8 Unarmed Combat


You had 4 spell levels left.
You didn't know any spells.
Your spell library was empty.

Dungeon Overview and Level Annotations

Branches:
Dungeon (3/15)

Altars:
Nemelex Xobeh
Trog


Innate Abilities, Weirdness & Mutations

You are too large for most types of armour.
You have claws for hands.
Your metabolism is lightning-fast.
You like to eat raw meat.
Your natural rate of healing is unusually fast.
You are covered in fur. (AC +1)
You have extremely tough skin. (AC +3)


Message History

You feel yourself slow down.
Things that are here:
a +0 leather armour x2
You barely miss Natasha. Natasha claws you but does no damage.
The orc priest miscasts a cantrip.
Natasha barely misses you.
The orc priest calls down the wrath of Beogh upon you.
Beogh smites you!
* * * LOW HITPOINT WARNING * * *
You claw Natasha!
You kill Natasha!
Trog accepts your kill.
Trog will now gift you ammunition as you gain piety.
Trog appreciates your killing of a magic user.
Natasha growls in agony!
You claw the orc priest!
The orc priest is severely wounded.
The orc priest hits you but does no damage.
The orc priest hits you with a +0 dagger.
You die...

###.##....5..$.....#.#
#..............##..#.#
#.....##....#<###..#
...........$#.# #.?#
#.....#...#...###..#
#.......#####..##..# #
###.##..÷.#....##..#.#
#.......#..........#
####.#.††o@..)...###
...####o...##### ##..
#..#.# ... .......#
.#.# ###..### ....
...# ## #. ###.# #.#
.#


You could see 2 orc priests.

Vanquished Creatures
  A bullfrog (D:3)
  Natasha (twice) (D:3)
  Robin (D:2)
  2 adders (D:2)
  2 oozes
  3 worms (D:2)
  A leopard gecko (D:2)
  3 orcs (D:3)
  A ball python (D:3)
  16 goblins
  12 hobgoblins
  3 jackals (D:2)
  6 bats
  5 frilled lizards
  5 kobolds
  A rat (D:1)
64 creatures vanquished.

Notes
Turn   | Place    | Note
-------+----------+-------------------------------------------
     0 | D:1      | Derp the Troll Berserker began the quest for the Orb.
     0 | D:1      | Reached XP level 1. HP: 22/22 MP: 0/0
   106 | D:1      | Reached XP level 2. HP: 28/29 MP: 1/1
   663 | D:2      | Reached XP level 3. HP: 34/36 MP: 2/2
   711 | D:2      | Reached ** piety under Trog
   731 | D:2      | Found a sparkling altar of Nemelex Xobeh.
   731 | D:2      | Noticed Robin
   772 | D:2      | Killed Robin
   772 | D:2      | Reached XP level 4. HP: 44/44 MP: 3/3
   900 | D:2      | Reached skill level 4 in Unarmed Combat
  1113 | D:2      | Found a bloodstained altar of Trog.
  1350 | D:3      | Noticed a bullfrog
  1358 | D:3      | Killed a bullfrog
  1358 | D:3      | Reached XP level 5. HP: 38/52 MP: 4/4
  1390 | D:3      | Noticed Natasha
  1432 | D:3      | Killed Natasha
  1457 | D:3      | Noticed Natasha
  1484 | D:3      | HP: 1/53 [orc priest/divine providence (16)]
  1485 | D:3      | Killed Natasha
  1485 | D:3      | Reached *** piety under Trog
  1487 | D:3      | Slain by an orc priest

Skill      XL: |  1  2  3  4  5 |
---------------+----------------+-----
Dodging        | 3 |  3.8
Unarmed Combat | 4 |  4.8
Fighting       | 3 |  3.1
Stealth        | |  0.1

Action                   |  1- 3 |  4- 6 || total
-------------------------+-------+-------++-------
Melee: Unarmed           |    93 |    80 ||   173
       Punch             |     1 |     1 ||     2
  Eat: Ration            |     1 |       ||     1
       Chunk             |       |     7 ||     7
Armor: Animal skin       |    44 |    97 ||   141
Dodge: Dodged            |    66 |   110 ||   176
